 Dungeon Crawl Stone Soup version 0.21.1-1-g345015f (webtiles) character file.

412028 spiff the Warrior (level 22, -4/269 (271) HPs)
             Began as a Grey Draconian Transmuter on July 12, 2018.
             Was a High Priest of Wu Jian.
             Slain by an iron troll (24 damage)
             ... on level 2 of the Depths on July 25, 2018.
             The game lasted 03:04:17 (54470 turns).

spiff the Warrior (Grey Draconian Transmuter)      Turns: 54470, Time: 03:04:18

HP:   -4/269 (271)  AC: 29    Str: 20    XL:     22   Next: 48%
MP:   40/41         EV: 19    Int: 16    God:    Wu Jian [*****.]
Gold: 3613          SH:  0    Dex: 17    Spells: 12/51 levels left

rFire    . . .     SeeInvis .     - Unarmed
rCold    . . .     Gourm    .   (no shield)
rNeg     + . .     Faith    .   (armour unavailable)
rPois    ∞         Spirit   .   (helmet restricted)
rElec    +         Reflect  .   b - +2 cloak
rCorr    .         Harm     .   (gloves currently unavailable)
MR       ++...                  (boots currently unavailable)
Stlth    ++........             B - amulet of regeneration
HPRegen  0.94/turn              P - ring of protection from magic
MPRegen  0.27/turn              v - +5 ring of strength

@: statue-form, very slow
A: (walk through water), unfitting armour, unbreathing, cold-blooded, AC +16
}: 2/15 runes: decaying, serpentine
a: End Transformation, Wall Jump, Serpent's Lash, Heavenly Storm, Renounce
Religion


You were on level 2 of the Depths.
You worshipped Wu Jian.
Wu Jian was extremely pleased with you.
You were hungry.
You were a stone statue.
You visited 8 branches of the dungeon, and saw 40 of its levels.
You also visited: Desolation.

You collected 3785 gold pieces.
You spent 172 gold pieces at shops.

Inventory:

Missiles
 a - 1193 arrows
 s - 4 throwing nets (quivered)
Armour
 b - a +2 cloak (worn)
 l - a +0 pair of gloves of dexterity (melded)
 M - a +0 pair of boots (melded)
Jewellery
 v - a +5 ring of strength (right hand)
 B - an amulet of regeneration (around neck)
 P - a ring of protection from magic (left hand)
Wands
 n - a wand of scattershot (9)
 p - a wand of polymorph (81)
 z - a wand of iceblast (48)
 C - a wand of disintegration (14)
 F - a wand of paralysis (20)
 H - a wand of digging (27)
 L - a wand of acid (8)
Scrolls
 e - 3 scrolls of immolation
 m - 9 scrolls of teleportation
 r - 2 scrolls of summoning
 t - 15 scrolls of remove curse
 w - 4 scrolls of fear
 x - 6 scrolls of enchant weapon
 y - 3 scrolls of fog
 E - 3 scrolls of enchant armour
 G - 15 scrolls of identify
 K - a scroll of torment
 V - 3 scrolls of brand weapon
 W - 3 scrolls of magic mapping
Potions
 d - 3 potions of brilliance
 g - 9 potions of haste
 h - 4 potions of heal wounds
 i - 7 potions of curing
 j - 3 potions of might
 k - 4 potions of mutation
 o - 3 potions of resistance
 u - 5 potions of agility
 A - a potion of invisibility {unknown}
 D - 9 potions of lignification
 I - 2 potions of magic
 J - 4 potions of flight
 O - 5 potions of cancellation
 Q - 2 potions of experience {unknown}
 R - 3 potions of degeneration
 U - 2 potions of ambrosia
Books
 f - a book of Battle

   Spells                             Type                      Level
   a - Infusion                       Charms                       1
   b - Shroud of Golubria             Charms/Translocation         2
   c - Song of Slaying                Charms                       2
   d - Spectral Weapon                Hexes/Charms                 3
   e - Regeneration                   Charms/Necromancy            3
 S - a book of Ice

   Spells                             Type                      Level
   a - Ice Form                       Ice/Transmutation            4
   b - Metabolic Englaciation         Hexes/Ice                    5
   c - Ozocubu's Refrigeration        Ice                          6
   d - Bolt of Cold                   Conjuration/Ice              6
   e - Freezing Cloud                 Conjuration/Ice/Air          6
   f - Simulacrum                     Ice/Necromancy               6
 X - the Incunabulum of Creative Snow
   (You found it in the Desolation of Salt)

   Spells                             Type                      Level
   a - Freeze                         Ice                          1
   b - Call Imp                       Summoning                    2
   c - Summon Mana Viper              Hexes/Summoning              5
   d - Ozocubu's Refrigeration        Ice                          6
 Z - a Necronomicon

   Spells                             Type                      Level
   a - Haunt                          Necromancy/Summoning         7
   b - Borgnjor's Revivification      Necromancy                   8
   c - Death's Door                   Charms/Necromancy            8
   d - Infestation                    Necromancy                   8
   e - Necromutation                  Transmutation/Necromancy     8
Miscellaneous
 q - a lamp of fire
 Y - a lightning rod (4/4)
Comestibles
 c - 54 rations
 N - 2 chunks of flesh


   Skills:
 - Level 20.0 Fighting
 - Level 10.1 Dodging
 + Level 19.4 Unarmed Combat
 - Level 15.0 Spellcasting
 + Level 12.6 Necromancy
 - Level 6.0 Translocations
 - Level 18.0 Transmutations
 - Level 10.0 Earth Magic
 - Level 3.0 Poison Magic


You had 12 spell levels left.
You knew the following spells:

 Your Spells              Type           Power        Failure   Level  Hunger
a - Stone Arrow           Conj/Erth      ####..       1%          3    None
b - Sticks to Snakes      Tmut           ######..     0%          2    None
c - Statue Form           Tmut/Erth      ######...    2%          6    ######.
d - Blade Hands           Tmut           ######....   1%          5    ####...
e - Petrify               Tmut/Erth      ######..     1%          4    #......
f - Beastly Appendage     Tmut           ######       0%          1    None
g - Lee's Rapid Deconstr  Erth           #####.....   2%          5    ####...
h - Spider Form           Tmut/Pois      #####.....   1%          3    None
i - Blink                 Tloc           N/A          1%          2    None
j - Infestation           Necr           ######....   88%         8    #######


Dungeon Overview and Level Annotations

Branches:
Dungeon (15/15)            Temple (1/1) D:6            Lair (6/6) D:11
  Swamp (4/4) Lair:3        Snake (4/4) Lair:4        Slime (0/5) Lair:5
    Orc (2/2) D:11            Elf (0/3) Orc:2        Vaults (5/5) D:14
  Crypt (0/3) Vaults:3     Depths (3/5) D:15

Altars:
Ashenzari
Cheibriados
Dithmenos
Elyvilon
Fedhas
Gozag
Hepliaklqana
Kikubaaqudgha
Makhleb
Nemelex Xobeh
Okawaru
Qazlal
Ru
Sif Muna
Trog
Uskayaw
Vehumet
Wu Jian
Xom
Yredelemnul
Zin
The Shining One
Beogh
Jiyva

Shops:
Orc:2 [(((   Vaults:2 %

Portals:
Hell: Depths:1 Depths:2
Abyss: Depths:1 Depths:2
Pandemonium: Depths:1
Ziggurat: Depths:2


Innate Abilities, Weirdness & Mutations

((You can walk through water.))
((Your dull iron-grey scales are very hard. (AC +16)))
You cannot fit into any form of body armour.
You can survive without breathing.
You are cold-blooded and may be slowed by cold attacks.


Message History

You kill the sphinx!
The Council accepts your kill.
You lunge at the deep troll shaman, in a flurry of attacks.
You hit the deep troll shaman.
The deep troll shaman is heavily wounded.
You barely miss the deep troll shaman.
The deep troll shaman is heavily wounded.
The deep troll shaman closely misses you.
The deep troll shaman claws you but does no damage.
The deep troll shaman barely misses you.
The iron troll bites you!!
* * * LOW HITPOINT WARNING * * *
The iron troll claws you!!
* * * LOW HITPOINT WARNING * * *
The iron troll claws you!
* * * LOW HITPOINT WARNING * * *
The deep troll shaman bites you but does no damage.
The deep troll shaman claws you but does no damage. x2
The iron troll bites you!!
You die...

.......## ##....## ........#
##......## ...)....# ##..#''#..##
.......## ##..##..##..##
.......####.÷#.#..#.#..##
...)....##..#.##..##.#..##
..#.....#..#.#.#C.#.#.#..# #
..#.....#.####(#TT#.####[# ######
........### ####8.### #####.....
........#####)(..#########.......
..............).....[.........)..
.............).............##.[..
............)..............##)...
[[......................##.###...
.(...............##..............
.................#.......#.......
........................##.......


You could see a fire giant, an iron troll and a deep troll shaman.

Vanquished Creatures
  Mennas (Vaults:4)
  Boris (Vaults:3)
  Saint Roka (Vaults:2)
  the Lernaean hydra (Swamp:4)
  Bai Suzhen (Snake:4)
  The ghost of poxu the Metallomancer, a veteran DEWz of Vehumet (Depths:2)
  Margery (Vaults:4)
  2 caustic shrikes (Depths:1)
  Jory (Vaults:4)
  A tentacled monstrosity (Depths:1)
  A titan (Depths:2)
  3 sphinxes
  A thorn hunter (Swamp:4)
  A tengu reaver (Depths:1)
  5 fire giants
  8 nagarajas
  2 frost giants (Depths:2)
  2 orc warlords
  4 imperial myrmidons
  Aizul (Snake:1)
  9 vault wardens
  4 very ugly things
  2 spriggan defenders (Depths:1)
  18 ironheart preservers
  The ghost of spiff the Grappler, a journeyman TrHu of Elyvilon (Lair:3)
  2 vampire knights
  11 stone giants
  2 spark wasps (Depths:1)
  2 deep elf demonologists
  The ghost of dscm the Martial Artist, a journeyman OpFi of Cheibriados (Lair:3)
  Snorg (D:11)
  2 ettins (Depths:1)
  3 crystal guardians
  2 deep elf death magi
  Josephine (Lair:4)
  9 ragged hierophants (Desolation)
  6 fire dragons
  5 rakshasas
  17 ogre magi
  12 servants of whispers (Desolation)
  11 vault guards
  4 yaktaur captains
  An ice dragon (Vaults:4)
  8 peacekeepers
  16 naga warriors
  26 hydras
  10 anacondas
  2 great orbs of eyes
  11 centaur warriors
  3 ghost crabs
  The ghost of Monsterracer the Cleaver, a novice DDIE of Makhleb (D:8)
  50 two-headed ogres
  6 alligators
  8 deep troll earth magi
  6 deep troll shamans
  13 naga sharpshooters
  2 tengu warriors (Depths:2)
  6 death yaks
  A soul eater (Vaults:3)
  11 shock serpents
  2 deep elf knights (Vaults:3)
  11 hell knights
  2 orc high priests (Orc:2)
  7 spriggans
  3 shadow wraiths
  9 skeletal warriors (Vaults:1)
  3 spriggan druids (Swamp:4)
  A salamander mystic (Snake:2)
  5 iron trolls
  4 sea snakes
  A deep elf archer (Vaults:3)
  A death drake (shapeshifter) (Vaults:4)
  A flayed ghost (Vaults:1)
  21 deep trolls
  5 unseen horrors
  7 naga ritualists
  13 ironbrand convokers
  9 swamp dragons
  A wolf spider zombie (D:14)
  6 wizards
  3 necromancers
  21 orc knights
  9 deep elf magi
  An oklob plant (Lair:6)
  8 mana vipers
  3 wolf spiders
  5 cyclopes
  4 large abominations (Depths:1)
  5 salamanders
  50 ugly things
  2 orc sorcerers (Orc:2)
  A salamander (shapeshifter) (Vaults:1)
  A stone giant zombie (Vaults:3)
  A rust devil (Vaults:3)
  2 manticores (D:13)
  19 elephants
  9 guardian serpents
  25 naga magi
  The ghost of Iko the Charlatan, a novice TrAr of Trog (D:9)
  Psyche (D:10)
  A molten gargoyle (Desolation)
  28 black mambas
  15 vault sentinels
  37 spiny frogs
  A guardian serpent (shapeshifter) (Vaults:1)
  12 komodo dragons
  5 gargoyles
  2 rime drakes
  7 freezing wraiths
  A komodo dragon (shapeshifter) (Vaults:4)
  2 kobold demonologists
  34 yaktaurs
  A tengu conjurer (D:14)
  A queen bee (shapeshifter) (Vaults:1)
  A troll (shapeshifter) (Vaults:2)
  23 trolls
  A polar bear (Lair:6)
  7 tyrant leeches
  70 saltlings
  10 hornets
  24 slime creatures
  10 bog bodies
  33 blink frogs
  6 hippogriffs
  An ettin zombie (Vaults:3)
  2 dream sheep (shapeshifter)
  2 shadows
  2 vampires
  A water elemental (D:11)
  A centaur simulacrum (D:14)
  5 wyverns
  33 yaks
  5 basilisks
  5 wraiths
  A steam dragon (D:14)
  3 hungry ghosts
  2 chaos spawn
  34 vampire mosquitoes
  8 wargs
  15 swamp worms
  2 human simulacra
  9 insubstantial wisps
  46 nagas
  8 small abominations (Depths:1)
  3 acid dragons
  11 porcupines
  10 water moccasins
  A swamp drake (shapeshifter) (Vaults:3)
  A black bear (shapeshifter) (Depths:2)
  A black bear (D:8)
  25 swamp drakes
  48 orc warriors
  5 ice beasts
  2 sky beasts
  2 eyes of draining
  A necrophage (D:11)
  An ice beast (shapeshifter) (Vaults:2)
  25 centaurs
  8 boggarts
  51 ogres
  4 wolves (Lair:2)
  12 crocodiles
  26 bullfrogs
  2 human zombies (Vaults:3)
  5 big kobolds
  A gnoll sergeant (Orc:2)
  A wyvern skeleton (D:15)
  8 scorpions
  4 killer bees (D:8)
  5 wights (D:10)
  8 howler monkeys
  8 electric eels
  8 crimson imps
  The ghost of dscm the Digger, a weakling OpEE (D:4)
  2 centaur zombies
  A bullfrog zombie (D:7)
  11 hounds
  16 jellies
  A quasit (D:5)
  2 bullfrog skeletons
  27 orc priests
  4 centaur skeletons
  8 iguanas
  35 orc wizards
  15 worker ants
  A hound skeleton (D:6)
  A worker ant zombie (D:6)
  2 gnoll zombies (D:6)
  23 adders
  16 gnolls
  An orc zombie (D:6)
  8 shadow imps
  An ooze (D:6)
  2 adder skeletons
  8 worms
  6 dart slugs
  7 leopard geckos
  130 orcs
  9 bats
  3 giant cockroaches
  14 goblins
  9 hobgoblins
  13 jackals
  7 quokkas
  6 frilled lizards
  2 jackal skeletons (D:6)
  51 kobolds
  A leopard gecko skeleton (D:5)
  8 rats
  A fungus (Lair:6)
1885 creatures vanquished.

Vanquished Creatures (collateral kills)
  A two-headed ogre (D:8)
  A hornet (D:9)
  Menkaure (D:5)
  An orc warrior (D:6)
  The ghost of wojtek the Chopper, an amateur MiFi (D:3)
  2 adders (D:3)
  An orc (D:6)
  2 bats (D:3)
10 creatures vanquished.

Vanquished Creatures (others)
  A two-headed ogre (Depths:3)
  A spriggan druid (Swamp:4)
  A phantasmal warrior (Vaults:3)
  A deep elf mage (Vaults:3)
  2 blink frogs (Swamp:3)
  2 ogres
  An orc wizard (D:5)
  18 fungi
  67 plants
94 creatures vanquished.

Grand Total: 1989 creatures vanquished

Notes
Turn   | Place    | Note
-------+----------+-------------------------------------------
     0 | D:1      | spiff the Draconian Transmuter began the quest for the Orb.
     0 | D:1      | Reached XP level 1. HP: 16/16 MP: 3/3
   320 | D:1      | Reached XP level 2. HP: 15/23 MP: 3/5
   428 | D:1      | Learned a level 2 spell: Sticks to Snakes
   900 | D:1      | Reached XP level 3. HP: 21/29 MP: 4/6
  1249 | D:1      | Reached skill level 2 in Fighting
  1360 | D:1      | Learned a level 3 spell: Spider Form
  2119 | D:2      | Reached XP level 4. HP: 33/36 MP: 4/7
  2661 | D:2      | Reached skill level 1 in Poison Magic
  2753 | D:3      | Noticed wojtek's ghost (amateur MiFi)
  2902 | D:3      | Found a burning altar of Makhleb.
  2963 | D:3      | Reached XP level 5. HP: 42/42 MP: 4/8
  3615 | D:3      | Found a hazy altar of Hepliaklqana.
  4331 | D:4      | Noticed dscm's ghost (weakling OpEE)
  4332 | D:4      | Reached skill level 3 in Fighting
  4499 | D:4      | Reached skill level 5 in Unarmed Combat
  4527 | D:4      | Reached XP level 6. HP: 44/51 MP: 4/9
  4892 | D:4      | Killed dscm's ghost
  5301 | D:5      | Entered Level 5 of the Dungeon
  5633 | D:5      | Reached skill level 4 in Fighting
  5789 | D:5      | Your scales start taking on a dull iron-grey colour.
  5789 | D:5      | Reached XP level 7. HP: 59/59 MP: 6/10
  5789 | D:5      | Gained mutation: You can survive without breathing. [Grey Draconian growth]
  6384 | D:5      | Reached skill level 5 in Fighting
  6384 | D:5      | Reached skill level 5 in Transmutations
  6825 | D:5      | Noticed Menkaure
  6835 | D:5      | Killed Menkaure
  6835 | D:5      | Reached XP level 8. HP: 70/70 MP: 5/12
  6973 | D:6      | Reached skill level 6 in Fighting
  7183 | D:6      | Found a staircase to the Ecumenical Temple.
  7241 | Temple   | Entered the Ecumenical Temple
  7428 | Temple   | Became a worshipper of the Wu Jian Council
  7499 | D:6      | Found a transporter.
  7581 | D:6      | Found a transporter.
  9433 | D:3      | HP: 2/71 [wojtek's ghost (18)]
  9440 | D:3      | Killed wojtek's ghost
 10027 | D:3      | Reached * piety under Wu Jian
 10094 | D:3      | Reached skill level 7 in Fighting
 10321 | D:7      | Learned a level 5 spell: Blade Hands
 10502 | D:7      | Reached XP level 9. HP: 48/79 MP: 10/15
 10778 | D:7      | Reached ** piety under Wu Jian
 11158 | D:8      | Noticed Monsterracer's ghost (novice DDIE)
 11381 | D:8      | Reached skill level 5 in Dodging
 11381 | D:8      | Reached skill level 5 in Spellcasting
 11571 | D:8      | Reached skill level 8 in Fighting
 11652 | D:8      | Noticed a two-headed ogre
 11706 | D:8      | HP: 4/81 [two-headed ogre/giant club (32)]
 11709 | D:8      | Killed a two-headed ogre
 12149 | D:8      | Noticed a two-headed ogre
 12173 | D:8      | Killed a two-headed ogre
 12173 | D:8      | Reached XP level 10. HP: 72/88 MP: 3/17
 12358 | D:8      | Found a transporter.
 12694 | D:8      | Found a viscous altar of Jiyva.
 12801 | D:8      | Killed Monsterracer's ghost
 12801 | D:8      | Reached skill level 10 in Transmutations
 13201 | D:8      | Found a transporter.
 13480 | D:9      | Noticed Iko's ghost (novice TrAr)
 13495 | D:9      | Killed Iko's ghost
 13780 | D:9      | Noticed a gargoyle
 13794 | D:9      | Killed a gargoyle
 14235 | D:9      | Reached *** piety under Wu Jian
 14480 | D:10     | Entered Level 10 of the Dungeon
 14489 | D:10     | Noticed a two-headed ogre
 14538 | D:10     | Killed a two-headed ogre
 14538 | D:10     | Reached XP level 11. HP: 91/94 MP: 10/18
 14715 | D:10     | Reached skill level 10 in Unarmed Combat
 14804 | D:10     | Learned a level 4 spell: Petrify
 14808 | D:10     | Learned a level 3 spell: Stone Arrow
 15081 | D:10     | Noticed Psyche
 15085 | D:10     | Killed Psyche
 15085 | D:10     | Reached skill level 1 in Earth Magic
 15521 | D:11     | Noticed a red ugly thing
 15528 | D:11     | Killed a red ugly thing
 15589 | D:11     | Reached **** piety under Wu Jian
 15705 | D:11     | Reached skill level 9 in Fighting
 15716 | D:11     | Found a staircase to the Orcish Mines.
 15995 | D:11     | Found a staircase to the Lair.
 16041 | D:11     | Noticed Snorg
 16073 | D:11     | Killed Snorg
 16509 | Lair:1   | Entered Level 1 of the Lair of Beasts
 16519 | Lair:1   | Noticed a six-headed hydra
 16535 | Lair:1   | Killed a nine-headed hydra
 16635 | Lair:1   | Reached skill level 5 in Earth Magic
 16901 | Lair:1   | Noticed a seven-headed hydra
 16915 | Lair:1   | Killed a ten-headed hydra
 16915 | Lair:1   | Reached XP level 12. HP: 106/106 MP: 13/19
 16917 | Lair:1   | Reached skill level 10 in Fighting
 17707 | Lair:2   | Noticed a six-headed hydra
 17717 | Lair:2   | Killed a 12-headed hydra
 18593 | Lair:3   | Noticed an eight-headed hydra
 18600 | Lair:3   | Noticed spiff's ghost (journeyman TrHu)
 18604 | Lair:3   | Killed a 12-headed hydra
 18606 | Lair:3   | Noticed dscm's ghost (journeyman OpFi)
 18696 | Lair:3   | Reached skill level 10 in Dodging
 18833 | Lair:3   | Found a staircase to the Swamp.
 19008 | Lair:3   | Noticed a five-headed hydra
 19018 | Lair:3   | Killed a seven-headed hydra
 19204 | Lair:4   | Noticed an eight-headed hydra
 19563 | Lair:4   | Reached XP level 13. HP: 114/114 MP: 15/21
 19640 | Lair:4   | Noticed Josephine
 19665 | Lair:4   | Found a staircase to the Snake Pit.
 19727 | Lair:4   | Killed Josephine
 20672 | Lair:5   | Reached skill level 11 in Fighting
 21091 | Lair:5   | Found a staircase to the Slime Pits.
 21195 | Lair:5   | Reached ***** piety under Wu Jian
 21526 | Lair:6   | Entered Level 6 of the Lair of Beasts
 22091 | Lair:6   | Reached XP level 14. HP: 61/125 MP: 23/25
 22298 | Lair:6   | Reached skill level 12 in Fighting
 22988 | Lair:6   | Identified the Guide on Ignition and Weightlessness
 23504 | Orc:1    | Entered Level 1 of the Orcish Mines
 23802 | Orc:2    | Entered Level 2 of the Orcish Mines
 24076 | Orc:2    | Reached ****** piety under Wu Jian
 24146 | Orc:2    | Found a roughly hewn altar of Beogh.
 24305 | Orc:2    | Found a staircase to the Elven Halls.
 24401 | Orc:2    | Found a roughly hewn altar of Beogh.
 24613 | Orc:2    | Noticed an orc warlord
 24625 | Orc:2    | Killed an orc warlord
 24997 | Orc:2    | Found a roughly hewn altar of Beogh.
 25006 | Orc:2    | Found Cotsadwe's Weapon Boutique.
 25146 | Orc:2    | Found a roughly hewn altar of Beogh.
 25165 | Orc:2    | Found a roughly hewn altar of Beogh.
 25166 | Orc:2    | Found Wyneitel's Antique Weapon Emporium.
 25529 | Orc:2    | Found Qaujeyv's Antique Weapon Boutique.
 25530 | Orc:2    | Found a roughly hewn altar of Beogh.
 25531 | Orc:2    | Found Foib's Antique Armour Shop.
 25544 | Orc:2    | Bought a runed cloak for 172 gold pieces
 25672 | Orc:1    | Noticed an orc warlord
 25688 | Orc:1    | Killed an orc warlord
 25688 | Orc:1    | Reached skill level 13 in Fighting
 26520 | D:12     | Reached XP level 15. HP: 115/135 MP: 14/28
 27048 | D:12     | Found a roughly hewn altar of Beogh.
 28942 | D:13     | Reached skill level 10 in Spellcasting
 29199 | D:14     | Reached skill level 14 in Fighting
 29506 | D:14     | Found a gate to the Vaults.
 29554 | D:14     | Found a white marble altar of Elyvilon.
 30601 | D:15     | Entered Level 15 of the Dungeon
 30724 | D:15     | Found an opulent altar of Gozag.
 31486 | D:15     | Found a staircase to the Depths.
 31791 | Lair:1   | Learned a level 5 spell: Lee's Rapid Deconstruction
 31865 | Lair:3   | Killed spiff's ghost
 31995 | Lair:3   | Killed dscm's ghost
 31995 | Lair:3   | Reached XP level 16. HP: 128/147 MP: 24/30
 32424 | Swamp:1  | Entered Level 1 of the Swamp
 32942 | Swamp:1  | Learned a level 6 spell: Statue Form
 33218 | Swamp:1  | Reached skill level 10 in Earth Magic
 33558 | Swamp:2  | Reached skill level 15 in Fighting
 34579 | Swamp:3  | Learned a level 2 spell: Blink
 34748 | Swamp:4  | Entered Level 4 of the Swamp
 34773 | Swamp:4  | Reached skill level 1 in Translocations
 34798 | Swamp:4  | Noticed a thorn hunter
 34807 | Swamp:4  | Killed a thorn hunter
 34971 | Swamp:4  | Paralysed by a hornet for 2 turns
 35150 | Swamp:4  | Reached skill level 16 in Fighting
 35381 | Swamp:4  | Reached skill level 15 in Transmutations
 35384 | Swamp:4  | Noticed the 27-headed Lernaean hydra
 35388 | Swamp:4  | Killed the 27-headed Lernaean hydra
 35391 | Swamp:4  | Reached skill level 5 in Translocations
 35391 | Swamp:4  | Reached XP level 17. HP: 120/158 MP: 31/31
 35611 | Swamp:4  | Got a decaying rune of Zot
 36033 | Snake:1  | Entered Level 1 of the Snake Pit
 36345 | Snake:1  | Noticed Aizul
 36358 | Snake:1  | Killed Aizul
 36877 | Snake:1  | Reached skill level 17 in Fighting
 37019 | Snake:1  | Identified a scroll of acquirement
 38156 | Snake:3  | Reached skill level 18 in Fighting
 38774 | Snake:4  | Entered Level 4 of the Snake Pit
 39024 | Snake:4  | Reached skill level 19 in Fighting
 39052 | Snake:4  | Noticed Bai Suzhen
 39306 | Snake:4  | Killed Bai Suzhen
 39447 | Snake:4  | Reached XP level 18. HP: 176/176 MP: 10/32
 39660 | Snake:4  | Reached skill level 20 in Fighting
 40447 | Snake:4  | Got a serpentine rune of Zot
 40891 | Vaults:1 | Entered Level 1 of the Vaults
 41624 | Vaults:1 | Reached skill level 15 in Unarmed Combat
 42245 | Vaults:1 | Reached XP level 19. HP: 185/185 MP: 28/34
 42418 | Vaults:2 | Found a ruined gateway.
 42442 | Desolati | Entered the Desolation of Salt
 42800 | Desolati | Got a clouded iron ring
 42801 | Desolati | Identified the ring of Lomorphe {rCorr MR+ MP+9} (You found it in the Desolation of Salt)
 43136 | Desolati | Identified the Incunabulum of Creative Snow
 43140 | Desolati | Got a brightly glowing pewter ring
 43141 | Desolati | Identified the ring "Bewkuf" {rN+ MR+} (You found it in the Desolation of Salt)
 43735 | Desolati | Learned a level 8 spell: Infestation
 44014 | Vaults:2 | Reached skill level 1 in Necromancy
 44025 | Vaults:2 | Noticed Saint Roka
 44036 | Vaults:2 | Killed Saint Roka
 44597 | Vaults:2 | Reached XP level 20. HP: 160/193 MP: 36/36
 44934 | Vaults:2 | Found Zappev's Food Emporium.
 45738 | Vaults:3 | Reached skill level 5 in Necromancy
 47576 | Vaults:4 | Noticed Boris
 47596 | Vaults:4 | HP: 9/193 [ogre mage/crystal spear (37)]
 47828 | Vaults:4 | Noticed Mennas
 47839 | Vaults:3 | Killed Boris
 47920 | Vaults:4 | Killed Mennas
 48104 | Vaults:4 | Reached XP level 21. HP: 201/201 MP: 34/39
 48818 | Vaults:4 | Noticed Margery
 49113 | Vaults:4 | Noticed Jory
 49282 | Vaults:4 | Killed Margery
 49520 | Vaults:4 | Killed Jory
 50234 | Vaults:5 | Entered Level 5 of the Vaults
 50452 | Depths:1 | Entered Level 1 of the Depths
 50582 | Depths:1 | Found a gateway to Hell.
 50585 | Depths:1 | Found a one-way gate to the infinite horrors of the Abyss.
 51061 | Depths:1 | Reached skill level 10 in Necromancy
 51063 | Depths:1 | Reached skill level 15 in Spellcasting
 51341 | Depths:1 | Found a one-way gate leading to the halls of Pandemonium.
 51361 | Depths:1 | Found a sparkling altar of Nemelex Xobeh.
 52071 | Depths:2 | Noticed poxu's ghost (veteran DEWz)
 52535 | Depths:2 | Noticed a caustic shrike
 52539 | Depths:1 | Killed a caustic shrike
 52629 | Depths:2 | Noticed a caustic shrike
 52645 | Depths:1 | Reached XP level 22. HP: 207/207 MP: 41/41
 52682 | Depths:1 | Killed a caustic shrike
 53677 | Depths:2 | Killed poxu's ghost
 53882 | Depths:2 | Found a gateway to a ziggurat.
 54470 | Depths:2 | Slain by an iron troll

Skill      XL: |  1  2  3  4  5  6  7  8  9 10 11 12 13 14 15 16 17 18 19 20 21 22 |
---------------+-------------------------------------------------------------------+-----
Fighting       | 2 3 4 5 7 8 9 10 11 13 14 16 19 20 | 20.0
Unarmed Combat | 4 5 9 10 11 12 14 15 16 17 18 19 | 19.4
Poison Magic   | 1 2 3 |  3.0
Transmutations | 3 4 5 9 10 11 12 13 15 16 17 18 | 18.0
Dodging        | 2 4 5 7 10 | 10.1
Spellcasting   | 4 5 7 9 10 11 12 14 15 | 15.0
Earth Magic    | 5 8 9 10 | 10.0
Translocations | 5 6 |  6.0
Necromancy     | 3 7 11 12 | 12.6

Action                   |  1- 3 |  4- 6 |  7- 9 | 10-12 | 13-15 | 16-18 | 19-21 | 22-24 || total
-------------------------+-------+-------+-------+-------+-------+-------+-------+-------++-------
Melee: Unarmed           |   133 |   217 |   636 |   517 |  1250 |  1279 |  1462 |   193 ||  5687
       Tailslap          |    19 |    10 |    39 |    64 |   186 |   180 |   237 |    30 ||   765
       Kick              |    10 |     7 |     8 |       |       |       |       |       ||    25
       Headbutt          |     3 |     2 |     6 |       |       |       |       |       ||    11
       Punch             |     1 |       |     4 |    13 |    68 |    82 |   115 |    25 ||   308
 Cast: Beastly Appendage |    21 |     9 |     7 |       |       |       |       |       ||    37
       Sticks to Snakes  |     3 |     6 |    26 |    13 |       |     1 |       |       ||    49
       Spider Form       |     2 |     9 |    25 |     7 |     2 |       |       |       ||    45
       Blade Hands       |       |       |     1 |    62 |   135 |    18 |     1 |       ||   217
       Petrify           |       |       |       |     3 |     3 |     2 |       |       ||     8
       Statue Form       |       |       |       |       |       |    87 |    79 |    15 ||   181
Invok: Lunge             |       |       |    28 |    75 |   185 |   124 |    88 |    26 ||   526
       Whirlwind         |       |       |    15 |   114 |   356 |   401 |   462 |    79 ||  1427
       Serpent's Lash    |       |       |       |     6 |    11 |     8 |    15 |     2 ||    42
       Wall Jump         |       |       |       |     1 |     5 |     1 |     2 |       ||     9
       Heavenly Storm    |       |       |       |       |     2 |     4 |     5 |       ||    11
 Abil: End Transformatio |       |       |     2 |     1 |       |     3 |     3 |       ||     9
Evoke: Wand              |       |       |       |     6 |    15 |     5 |     4 |       ||    30
       Lamp of fire      |       |       |       |       |     1 |     2 |     7 |       ||    10
  Use: Scroll            |     3 |     7 |     6 |     5 |    11 |    12 |    16 |       ||    60
       Potion            |       |       |     2 |     2 |       |     2 |     6 |       ||    12
 Stab: Sleeping          |     1 |     1 |     1 |     4 |       |     1 |       |       ||     8
       Distracted        |       |     1 |       |       |     1 |       |     1 |       ||     3
       Petrified         |       |       |       |     5 |     5 |     2 |       |       ||    12
       Confused          |       |       |       |       |       |     5 |       |       ||     5
  Eat: Chunk             |     5 |     8 |    18 |    45 |    78 |    50 |    48 |     8 ||   260
       Ration            |       |     1 |     4 |     1 |       |    10 |     6 |     1 ||    23
Armor: Skin              |    42 |    63 |   161 |    99 |   226 |   711 |   788 |   191 ||  2281
Dodge: Dodged            |   111 |   150 |   492 |   332 |   655 |  1214 |  1426 |   288 ||  4668
       Deflected         |       |       |       |       |     8 |       |       |       ||     8
